[Event "Titled Tuesday Blitz November 29 Late 2022"]
[White "Radovanovic, Dusan"]
[Black "Janaszak, Dawid"]
[WhiteFideId "926868"]
[BlackFideId "1119206"]
[WhiteElo "2341"]
[BlackElo "2226"]
[Result "1/2-1/2"]
[Round "09"]
[TimeControl "180+1"]
[Date "2022.11.30"]
[WhiteClock "0:00:09"]
[BlackClock "0:00:07"]

1. e4 e6 2. d4 b5 3. Bd3 Bb7 4. Nf3 c5 5. c3 a6 6. O-O Nf6 7. e5 Nd5 8. Ng5 Be7 9. Qh5 g6 10. Qh6 Bf8 11. Qh3 cxd4 12. Ne4 Qb6 13. Bg5 Nc6 14. Bf6 Nxf6 15. Nxf6+ Kd8 16. Qg3 Be7 17. Nd2 Bxf6 18. exf6 Qc7 19. Qh4 dxc3 20. bxc3 Ne5 21. Be4 d5 22. Bf3 Qxc3 23. Rfd1 Rc8 24. Be2 h5 25. Nb3 Nc4 26. Nd4 Kc7 27. Rac1 Qb2 28. Rc2 Qb4 29. Qf4+ Qd6 30. Qc1 Kb8 31. a4 e5 32. Nf3 Qa3 33. Rxc4 Qxc1 34. Rcxc1 Rxc1 35. Rxc1 e4 36. Ng5 bxa4 37. Rb1 Kc7 38. Nxf7 Rf8 39. Ne5 Rxf6 40. f3 a3 41. fxe4 dxe4 42. Ra1 Rb6 43. Rxa3 Rb2 44. Kf1 Rb1+ 45. Kf2 Rb2 46. Ke3 g5 47. Nc4 Rb1 48. Nd2 Rg1 49. Kf2 Rh1 50. h3 g4 51. Re3 gxh3 52. Rxh3 Rxh3 53. gxh3 Kd6 54. Ke3 Ke5 55. Bxh5 Bd5 56. Bg6 a5 57. Bxe4 Be6 58. Bc2 Bxh3 59. Ba4 Be6 60. Ne4 Bd5 61. Nc3 Kd6 62. Nb5+ Kc5 63. Nc3 Kb4 64. Nxd5+ Kxa4 65. Nc3+ Kb3 66. Kd3 a4 67. Nxa4 1/2-1/2


[Site "https://www.chess.com"]

[Event "Titled Tuesday Blitz November 29 Late 2022"]
[White "Remizov, Yaroslav"]
[Black "Deac, Bogdan-Daniel"]
[WhiteFideId "34134015"]
[BlackFideId "1226380"]
[WhiteElo "2414"]
[BlackElo "2648"]
[Result "0-1"]
[Round "09"]
[TimeControl "180+1"]
[Date "2022.11.30"]
[WhiteClock "0:00:01"]
[BlackClock "0:00:39"]

1. e4 c6 2. d4 d5 3. Nc3 a6 4. Nf3 Bg4 5. exd5 cxd5 6. h3 Bxf3 7. Qxf3 e6 8. Nd1 Nc6 9. c3 Bd6 10. Bd3 Nge7 11. O-O O-O 12. Re1 Ng6 13. Ne3 f5 14. Qd1 Qf6 15. c4 Nxd4 16. cxd5 e5 17. Nc4 Bb4 18. Bd2 Bxd2 19. Qxd2 Rad8 20. Qa5 b5 21. Nd2 Nf4 22. Bf1 Rxd5 23. g3 Nfe6 24. Bc4 Rd6 25. Bxe6+ Rxe6 26. Rac1 f4 27. Ne4 Nf3+ 28. Kg2 Nxe1+ 29. Rxe1 Qg6 30. g4 f3+ 31. Kg3 Qh6 32. Kh2 Qf4+ 33. Ng3 Qd4 34. Re3 Rh6 35. Qe1 Qxg4 36. Qf1 Qf4 37. Re4 Qf6 38. Rg4 Rg6 39. Ne4 Qf5 40. Ng3 Qe6 41. Re4 Rf4 42. Re3 Rh6 0-1


[Site "https://www.chess.com"]

[Event "Titled Tuesday Blitz November 29 Late 2022"]
[White "Rios Escobar, Adan"]
[Black "Kovacevic, Radmila"]
[WhiteFideId "3403645"]
[BlackFideId "933171"]
[WhiteElo "2301"]
[BlackElo "2208"]
[Result "1-0"]
[Round "09"]
[TimeControl "180+1"]
[Date "2022.11.30"]
[WhiteClock "0:00:11"]
[BlackClock "0:00:12"]

1. d4 e5 2. dxe5 Nc6 3. Nf3 Qe7 4. Bg5 Qb4+ 5. Nc3 Qxb2 6. Bd2 Bb4 7. Rb1 Qxc3 8. Bxc3 Bxc3+ 9. Nd2 Bxe5 10. e4 Nf6 11. Bb5 a6 12. Bxc6 dxc6 13. O-O O-O 14. Nc4 Bg4 15. Qc1 Bd4 16. Ne3 Be6 17. Rxb7 Bb6 18. Nf5 Nxe4 19. Ne7+ Kh8 20. Qf4 Nc3 21. Qh4 Rfe8 22. Re1 Bd5 23. Qb4 Nb5 24. c4 a5 25. Qd2 Bxc4 26. Nxc6 Rxe1+ 27. Qxe1 Bd5 28. Rb8+ Rxb8 29. Nxb8 g6 30. Qe8+ Kg7 31. Qxb5 Be6 32. Nd7 Kh6 33. Nxb6 cxb6 34. Qxb6 Bxa2 35. Qxa5 Be6 36. Qd2+ Kg7 37. h4 h6 38. g3 Kh7 39. Qd4 h5 40. Qf6 Kh6 41. Kf1 Bh3+ 42. Ke2 Bg4+ 43. Ke3 Be6 44. Qh8# 1-0


[Site "https://www.chess.com"]

[Event "Titled Tuesday Blitz November 29 Late 2022"]
[White "Rorrer, Grayson"]
[Black "Aguilar, Juan"]
[WhiteFideId "30944996"]
[BlackFideId "3800091"]
[WhiteElo "2130"]
[BlackElo "2543"]
[Result "1-0"]
[Round "09"]
[TimeControl "180+1"]
[Date "2022.11.30"]
[WhiteClock "0:00:03"]
[BlackClock "0:00:06"]

1. e4 c5 2. Nf3 d6 3. d4 cxd4 4. Nxd4 Nf6 5. Nc3 a6 6. Nb3 e5 7. Bg5 Be7 8. Qd3 Be6 9. Bxf6 Bxf6 10. Nd5 Nc6 11. O-O-O O-O 12. Kb1 a5 13. g3 a4 14. Nc1 a3 15. b3 Rc8 16. c3 Bxd5 17. Qxd5 Qb6 18. Qd2 Rfd8 19. f4 exf4 20. gxf4 Na5 21. c4 Nxc4 22. Bxc4 Rxc4 23. Qe2 Rd4 24. Nd3 Re8 25. e5 dxe5 26. fxe5 Qc7 27. Rhe1 Bg5 28. Qf2 Qc3 29. Rf1 Re7 30. Qe2 Red7 31. e6 Re7 32. exf7+ Kf8 33. Qf2 Rxd3 34. Rc1 Qb2+ 35. Qxb2 axb2 36. Rc8+ 1-0


[Site "https://www.chess.com"]

[Event "Titled Tuesday Blitz November 29 Late 2022"]
[White "Sadhwani, Raunak"]
[Black "Kamsky, Gata"]
[WhiteFideId "35093487"]
[BlackFideId "2000024"]
[WhiteElo "2656"]
[BlackElo "2666"]
[Result "1/2-1/2"]
[Round "09"]
[TimeControl "180+1"]
[Date "2022.11.30"]
[WhiteClock "0:00:03"]
[BlackClock "0:00:09"]

1. c4 g6 2. Nc3 Bg7 3. d4 d6 4. e4 Nf6 5. Nf3 O-O 6. Be2 e5 7. O-O Nc6 8. d5 Ne7 9. Ne1 Nd7 10. Nd3 f5 11. f3 f4 12. b4 a5 13. bxa5 c5 14. Nb5 Ra6 15. Bd2 g5 16. Kh1 Ng6 17. Rg1 Rf7 18. g3 Bf8 19. gxf4 exf4 20. Bc3 Bg7 21. Qd2 Bxc3 22. Qxc3 Rg7 23. Rg2 Nde5 24. Nf2 Nf7 25. Rag1 h6 26. Nd3 Qxa5 27. Qf6 Qd8 28. Qxd8+ Nxd8 29. e5 Nxe5 30. Nxe5 dxe5 31. Bd3 Bd7 32. Re1 Bxb5 33. cxb5 Ra3 34. Rd2 Nf7 35. d6 Nxd6 36. Rxe5 Rc7 37. Be2 Nf7 38. Bc4 Kg7 39. b6 Rc6 40. Re7 Rxb6 41. Rxf7+ Kg6 42. Bd5 Rxf3 43. Bxf3 Kxf7 44. Rd7+ Kf6 45. Rxb7 Ra6 46. Rb2 c4 47. Rc2 c3 48. Kg2 Ke5 49. Rxc3 Rxa2+ 50. Kh3 Rf2 51. Bg4 Ke4 52. Ra3 f3 53. Ra6 Rf1 54. Rxh6 f2 55. Rf6 Ke3 56. Rf3+ Ke2 57. Ra3+ Kd2 58. Rf3 Ke2 59. Rf8+ Ke3 60. Re8+ Kf4 61. Rf8+ Ke3 62. Rf5 Rg1 63. Rf3+ Ke2 64. Rf5+ Ke3 65. Rf3+ Ke2 66. Rf5+ Ke3 1/2-1/2


[Site "https://www.chess.com"]

[Event "Titled Tuesday Blitz November 29 Late 2022"]
[White "Salman, Pavel"]
[Black "Gasparyan, David"]
[WhiteFideId "24153753"]
[BlackFideId "13311980"]
[WhiteElo "2187"]
[BlackElo "2374"]
[Result "1-0"]
[Round "09"]
[TimeControl "180+1"]
[Date "2022.11.30"]
[WhiteClock "0:00:16"]
[BlackClock "0:00:54"]

1. Nf3 d5 2. g3 g6 3. Bg2 Bg7 4. O-O Nf6 5. d3 O-O 6. Nbd2 Nbd7 7. e4 c6 8. Re1 Qc7 9. e5 Ng4 10. d4 f6 11. h3 Nh6 12. e6 Nb6 13. Nb3 Nf5 14. Bf4 Nd6 15. h4 Na4 16. Qc1 b6 17. c4 dxc4 18. Nbd2 b5 19. b3 Nb6 20. Ne4 Nd5 21. Nc5 c3 22. Re2 a5 23. Ne1 b4 24. Ned3 h6 25. Bxh6 Kh7 26. Bf4 Qb6 27. a3 bxa3 28. Rxa3 Nb5 29. Ra4 Nxf4 30. Qxf4 Bh6 31. Qe4 Rd8 32. h5 f5 33. hxg6+ Kxg6 34. Ne5+ Kf6 35. Qh4+ Bg5 36. Qh7 Nd6 37. Qg6# 1-0


[Site "https://www.chess.com"]

[Event "Titled Tuesday Blitz November 29 Late 2022"]
[White "Santos Flores, Alberto"]
[Black "Adury, Anant"]
[WhiteFideId "3601234"]
[BlackFideId "30964687"]
[WhiteElo "2235"]
[BlackElo "2205"]
[Result "1-0"]
[Round "09"]
[TimeControl "180+1"]
[Date "2022.11.30"]
[WhiteClock "0:00:40"]
[BlackClock "0:01:04"]

1. d4 c6 2. c4 d5 3. Nf3 Nf6 4. cxd5 cxd5 5. Nc3 a6 6. Bf4 Nc6 7. Rc1 e6 8. e3 Bd6 9. Bxd6 Qxd6 10. Bd3 O-O 11. O-O b5 12. a4 b4 13. Nb1 Bd7 14. Nbd2 Na5 15. b3 Rfc8 16. Rxc8+ Rxc8 17. Qe2 Ra8 18. Rc1 Nc6 19. Rc5 a5 20. Bb5 Rc8 21. Bxc6 Rxc6 22. Rxa5 Rc1+ 23. Nf1 Qc6 24. Ne5 Qc8 25. Nxd7 Nxd7 26. Rb5 g6 27. g3 Qc3 28. Kg2 Qxb3 29. Rb7 Nf6 30. Qf3 Kg7 31. g4 g5 32. Ng3 Qd3 33. Nh5+ Nxh5 34. Qxf7+ Kh6 35. Qxh5# 1-0


[Site "https://www.chess.com"]

[Event "Titled Tuesday Blitz November 29 Late 2022"]
[White "Sariego Figueredo, Wilfredo"]
[Black "Sanchez, Robert"]
[WhiteFideId "3500080"]
[BlackFideId "2034360"]
[WhiteElo "2309"]
[BlackElo "2316"]
[Result "0-1"]
[Round "09"]
[TimeControl "180+1"]
[Date "2022.11.30"]
[WhiteClock "0:00:01"]
[BlackClock "0:00:13"]

1. d4 d5 2. Bf4 e6 3. e3 Nf6 4. Bd3 Be7 5. Nf3 O-O 6. Nbd2 c6 7. c3 Nbd7 8. O-O h6 9. h3 b6 10. Ne5 Nxe5 11. Bxe5 Nd7 12. Bh2 Bb7 13. f4 c5 14. Nf3 Qc8 15. Ne5 Nxe5 16. fxe5 Ba6 17. Bxa6 Qxa6 18. Qg4 Qd3 19. Rf3 Qg6 20. Qxg6 fxg6 21. Bg3 Rf5 22. Rxf5 gxf5 23. a4 c4 24. a5 b5 25. a6 Rb8 26. Be1 b4 27. Kf2 b3 28. Kf3 Kf7 29. g4 g6 30. gxf5 gxf5 31. Bf2 Rb6 32. h4 h5 33. Bg3 Ke8 34. Bf2 Kd7 35. Bg3 Kc6 36. Ra5 Rb5 37. Ra1 Kb6 38. Rg1 Kxa6 39. Bf4 Bxh4 40. Rh1 Be7 41. Rxh5 Ba3 42. Rh6 Rb6 43. Rh2 Kb5 44. Bg5 Bf8 45. Rh1 a5 46. Ra1 a4 47. Bf6 a3 48. bxa3 b2 49. Rb1 Ka4 0-1


[Site "https://www.chess.com"]

[Event "Titled Tuesday Blitz November 29 Late 2022"]
[White "Savic, Miroslav"]
[Black "Burke, Paul"]
[WhiteFideId "14508494"]
[BlackFideId "2605767"]
[WhiteElo "2209"]
[BlackElo "1920"]
[Result "1-0"]
[Round "09"]
[TimeControl "180+1"]
[Date "2022.11.30"]
[WhiteClock "0:00:12"]
[BlackClock "0:00:01"]

1. c4 a6 2. Nf3 d6 3. Nc3 Nd7 4. d4 g6 5. e4 Bg7 6. Be2 h6 7. O-O e6 8. Be3 Ne7 9. Rc1 O-O 10. Qd2 Kh7 11. Ne1 e5 12. f4 f5 13. fxe5 dxe5 14. d5 f4 15. Bf2 Nf6 16. Nf3 Ng4 17. Bc5 b6 18. Bf2 Nxf2 19. Rxf2 g5 20. h3 Ng6 21. Nh2 Bd7 22. Bh5 Be8 23. Bg4 Bd7 24. Bh5 Be8 25. Bf3 Nh4 26. Qd1 Nxf3+ 27. Nxf3 h5 28. Nh2 Qd7 29. b4 Bg6 30. c5 bxc5 31. bxc5 Qf7 32. Nf3 Bf6 33. Nh2 Bg7 34. c6 Rad8 35. Na4 Bxe4 36. Nc5 Bxd5 37. Nb7 Rde8 38. Rc5 Be6 39. Re2 Kg8 40. Nf3 Qf5 41. Nxe5 Bxe5 42. Rcxe5 Qf6 43. Rxe6 Rxe6 44. Qd5 Re8 45. Nc5 Kf7 46. Qd7+ R6e7 47. Qd5+ Re6 48. Nxe6 Rxe6 49. Kh2 g4 50. Qxh5+ 1-0


[Site "https://www.chess.com"]

[Event "Titled Tuesday Blitz November 29 Late 2022"]
[White "Seletsky, Grigory"]
[Black "Han, Yichen"]
[WhiteFideId "14112191"]
[BlackFideId "1054430"]
[WhiteElo "2492"]
[BlackElo "2323"]
[Result "0-1"]
[Round "09"]
[TimeControl "180+1"]
[Date "2022.11.30"]
[WhiteClock "0:00:01"]
[BlackClock "0:00:14"]

1. d4 d5 2. c4 e6 3. cxd5 exd5 4. Nc3 c6 5. Qc2 Bd6 6. Nf3 Be6 7. Bg5 Nf6 8. e3 O-O 9. Bd3 h6 10. Bh4 Nbd7 11. Bg3 Qe7 12. Bxd6 Qxd6 13. O-O b5 14. a4 b4 15. Ne2 Rfc8 16. Rfc1 a5 17. h3 c5 18. dxc5 Nxc5 19. Qd1 Nfe4 20. Ned4 Bd7 21. Bb5 Bxb5 22. Nxb5 Qf6 23. Qd4 Qxd4 24. Nbxd4 Nd3 25. Rxc8+ Rxc8 26. b3 Nexf2 27. Rf1 Ne4 28. Nf5 Rc1 29. Ne7+ Kf8 30. Nxd5 Nec5 31. Nd4 Rxf1+ 32. Kxf1 Nc1 33. Nb6 N1xb3 34. Nxb3 Nxb3 35. Nc4 Nc5 36. Nxa5 b3 37. Nc4 Nxa4 38. Nd2 b2 39. Nb1 Ke7 40. Ke2 Ke6 41. Kd3 Ke5 42. Kc4 Ke4 43. Kb5 Kd3 44. Kxa4 Kc2 45. Na3+ Kc1 46. Kb4 b1=Q+ 47. Nxb1 Kxb1 48. Kc5 Kc2 49. Kd6 Kd3 50. Ke7 f5 51. Kf7 Kxe3 52. Kxg7 Kf2 53. Kg6 f4 54. Kf5 Kg3 55. Ke4 h5 56. h4 Kg4 57. Ke5 Kg3 58. Ke4 f3 59. gxf3 Kxh4 60. f4 Kg4 0-1


[Site "https://www.chess.com"]

[Event "Titled Tuesday Blitz November 29 Late 2022"]
[White "Shapiro, Daniel"]
[Black "Reprintsev, Alexander"]
[WhiteFideId "2001780"]
[BlackFideId "14100541"]
[WhiteElo "2332"]
[BlackElo "2230"]
[Result "0-1"]
[Round "09"]
[TimeControl "180+1"]
[Date "2022.11.30"]
[WhiteClock "0:00:05"]
[BlackClock "0:00:31"]

1. d4 d5 2. c4 e5 3. dxe5 d4 4. Nf3 Nc6 5. a3 g6 6. Bf4 h6 7. h3 Bg7 8. Nbd2 f6 9. exf6 Nxf6 10. Nb3 O-O 11. Nfxd4 Ne4 12. Be3 Nxd4 13. Bxd4 Bxd4 14. Qxd4 Qxd4 15. Nxd4 Nxf2 16. Rg1 Ne4 17. O-O-O c5 18. Nb5 Ng3 19. e3 Bf5 20. Nd6 Be6 21. Bd3 b6 22. Bxg6 Ne2+ 23. Kb1 Nxg1 24. Rxg1 Rad8 25. Nb5 Bxc4 26. Nxa7 Rf2 27. Rc1 Bd5 28. Ka1 Rxg2 29. Rd1 Rxg6 30. e4 Ra8 31. Nb5 Bxe4 32. Re1 Bd3 33. Nc7 Rf8 34. Nd5 Kh7 0-1


[Site "https://www.chess.com"]

[Event "Titled Tuesday Blitz November 29 Late 2022"]
[White "Souleidis, Georgios"]
[Black "Hardaway, Brewington"]
[WhiteFideId "4206827"]
[BlackFideId "30941849"]
[WhiteElo "2401"]
[BlackElo "2159"]
[Result "1-0"]
[Round "09"]
[TimeControl "180+1"]
[Date "2022.11.30"]
[WhiteClock "0:00:07"]
[BlackClock "0:00:13"]

1. e4 Nf6 2. e5 Nd5 3. d4 d6 4. Nf3 e6 5. c4 Nb6 6. exd6 cxd6 7. Nc3 Be7 8. Bd3 Nc6 9. O-O O-O 10. Be3 g6 11. Re1 Bf6 12. Rc1 d5 13. c5 Nd7 14. a3 a5 15. Nb5 e5 16. dxe5 Ndxe5 17. Nxe5 Bxe5 18. Qd2 Be6 19. Bf4 Qf6 20. Bxe5 Nxe5 21. Qc3 d4 22. Qxd4 Rfd8 23. Qxe5 Qxe5 24. Rxe5 Rxd3 25. Nc7 Rc8 26. Nxe6 fxe6 27. g3 Rc6 28. b4 axb4 29. axb4 Rb3 30. Re4 b6 31. Rec4 b5 32. Rd4 Kf7 33. Re1 h5 34. h4 Kf6 35. Kg2 Ra6 36. Re3 Rb2 37. Rf3+ Ke5 38. Rdf4 Kd5 39. Rd3+ Ke5 40. Re3+ Kd5 41. Rfe4 Rc6 42. Re5+ Kd4 43. Rxe6 Rxe6 44. Rxe6 Rxb4 45. c6 Rc4 46. Rxg6 b4 47. Rg5 Rxc6 48. Rxh5 Rb6 49. Rh8 b3 50. Rd8+ Kc3 51. Rd1 Kc2 52. Rf1 b2 53. g4 Ra6 54. f3 Ra1 55. Rf2+ Kc3 56. Rxb2 Kxb2 57. Kg3 Kc3 58. g5 Kd4 59. Kf4 Rh1 60. g6 Kd5 61. Kf5 Kd6 62. g7 Rg1 63. Kf6 Rg3 64. f4 Rg4 65. f5 Kd5 66. Kf7 Ke5 67. f6 Kf5 68. h5 Ra4 69. g8=Q Ra8 70. Qxa8 1-0


[Site "https://www.chess.com"]

[Event "Titled Tuesday Blitz November 29 Late 2022"]
[White "Szyszylo, Rafal"]
[Black "Rose, Felix"]
[WhiteFideId "1109626"]
[BlackFideId "5105722"]
[WhiteElo "1981"]
[BlackElo "2039"]
[Result "1-0"]
[Round "09"]
[TimeControl "180+1"]
[Date "2022.11.30"]
[WhiteClock "0:00:08"]
[BlackClock "0:00:03"]

1. e4 c5 2. Nf3 e6 3. d4 cxd4 4. Nxd4 a6 5. Nc3 b5 6. Be3 Bb7 7. f3 Qc7 8. Qd2 Nf6 9. O-O-O Bb4 10. Nde2 d5 11. Bf4 e5 12. Bg3 d4 13. Nxd4 Bxc3 14. bxc3 Nbd7 15. Nf5 O-O 16. c4 bxc4 17. Qc3 Rfe8 18. Qxc4 Qa5 19. Be1 Qa3+ 20. Kd2 Nb6 21. Qb3 Rad8+ 22. Bd3 Qc5 23. Kc1 Bc6 24. Qb4 Qxb4 25. Bxb4 Ba4 26. Bxa6 g6 27. Ne3 Ra8 28. Bb7 Ra7 29. Bd5 Nbxd5 30. Nxd5 Nxd5 31. Rxd5 Bc6 32. Ra5 Rxa5 33. Bxa5 Ra8 34. Bc3 f6 35. Rd1 Rxa2 36. Rd6 Be8 37. Rxf6 Ba4 38. Bxe5 Rxc2+ 39. Kb1 Rxg2 40. Ra6 Bc2+ 41. Kc1 Bd3 42. Ra7 Be2 43. f4 Bf3 44. Rg7+ Kf8 45. Rxh7 Bxe4 46. h4 Bf5 47. Bf6 Rc2+ 48. Kd1 Rh2 49. Bg5 Rf2 50. Ke1 Ra2 51. Rb7 Ke8 52. Re7+ Kf8 53. Rc7 Rh2 54. Bf6 1-0


[Site "https://www.chess.com"]

[Event "Titled Tuesday Blitz November 29 Late 2022"]
[White "Tarnowska, Aleksandra"]
[Black "Leebit02"]
[WhiteFideId "1180967"]
[WhiteElo "1776"]
[BlackElo "2303"]
[Result "0-1"]
[Round "09"]
[TimeControl "180+1"]
[Date "2022.11.30"]
[WhiteClock "0:00:01"]
[BlackClock "0:00:31"]

1. e4 c5 2. Nf3 Nc6 3. Bb5 g6 4. O-O Bg7 5. c3 Nf6 6. Re1 O-O 7. d4 d5 8. e5 Ne4 9. Nbd2 Bf5 10. Nxe4 dxe4 11. Bxc6 bxc6 12. Ng5 cxd4 13. cxd4 c5 14. Nxe4 cxd4 15. Ng3 Be6 16. Bf4 Qd5 17. Qd2 Rfd8 18. b3 Rd7 19. Rad1 Rad8 20. h3 Qb7 21. Qd3 a5 22. h4 h5 23. Bd2 Qa7 24. Bg5 a4 25. bxa4 Qxa4 26. a3 Ra8 27. Ra1 Ra5 28. Bf4 Rc5 29. Rec1 Rdc7 30. Rxc5 Rxc5 31. Bg5 Rc7 32. Bf4 Rc3 33. Qd2 Rc2 34. Qd3 Bd5 35. Rb1 Rc8 36. Ne2 Rc4 37. Rb8+ Kh7 38. Ng3 Qc2 39. Qxc2 Rxc2 40. Rd8 e6 41. a4 d3 42. a5 Ra2 0-1


[Site "https://www.chess.com"]

[Event "Titled Tuesday Blitz November 29 Late 2022"]
[White "Tirelli, Mauro"]
[Black "Chernomordik, Pavel"]
[WhiteFideId "845353"]
[BlackFideId "2804530"]
[WhiteElo "2166"]
[BlackElo "2192"]
[Result "1-0"]
[Round "09"]
[TimeControl "180+1"]
[Date "2022.11.30"]
[WhiteClock "0:00:03"]
[BlackClock "0:00:01"]

1. d4 g6 2. c4 Bg7 3. Nf3 d6 4. g3 Nf6 5. Bg2 O-O 6. O-O c6 7. Nc3 a6 8. h3 b5 9. e4 b4 10. Na4 Nxe4 11. Re1 Nf6 12. Bg5 a5 13. Rc1 Nbd7 14. Nd2 Bb7 15. c5 Qc7 16. cxd6 exd6 17. d5 c5 18. Nc4 Rad8 19. Bf4 Ne8 20. Re7 Bf6 21. Rxe8 Rfxe8 22. Nxd6 Be5 23. Nxe8 Rxe8 24. Be3 Bd6 25. a3 Rc8 26. axb4 axb4 27. Qd2 Qa5 28. b3 c4 29. Bd4 cxb3 30. Rxc8+ Bxc8 31. Nb2 Qc7 32. Be4 Be5 33. Qxb4 Bxg3 34. fxg3 Qxg3+ 35. Bg2 Ne5 36. Bxe5 Qxe5 37. Qxb3 Qd4+ 38. Kh1 Bf5 39. Nd1 Be4 40. Ne3 Bxg2+ 41. Nxg2 Qa1+ 42. Kh2 Qe5+ 43. Kg1 Qd4+ 44. Kf1 Qa1+ 45. Kf2 Qd4+ 46. Ne3 Qf4+ 47. Ke2 Qh2+ 48. Kd3 Qxh3 49. Qb8+ Kg7 50. Qe5+ Kg8 51. d6 h5 52. Qe7 Qh1 53. d7 Qb1+ 54. Ke2 Qa2+ 55. Kf3 Qa8+ 56. Kf4 Qb8+ 57. Ke4 Qb7+ 58. Nd5 Qb1+ 59. Ke5 Qe1+ 60. Kd6 Qg3+ 61. Qe5 Qa3+ 62. Kc7 Qc5+ 63. Kb7 Qb5+ 64. Kc8 Qc6+ 65. Nc7 Qxc7+ 66. Kxc7 1-0


[Site "https://www.chess.com"]

[Event "Titled Tuesday Blitz November 29 Late 2022"]
[White "Urazayev, Arystanbek"]
[Black "Risteski, Emil"]
[WhiteFideId "13709810"]
[BlackFideId "15005267"]
[WhiteElo "2441"]
[BlackElo "2251"]
[Result "0-1"]
[Round "09"]
[TimeControl "180+1"]
[Date "2022.11.30"]
[WhiteClock "0:00:08"]
[BlackClock "0:00:17"]

1. c4 f5 2. Nf3 Nf6 3. g3 e6 4. Bg2 Be7 5. O-O O-O 6. b3 d6 7. Bb2 e5 8. d3 Qe8 9. c5 Nc6 10. cxd6 cxd6 11. Nc3 Qh5 12. e3 f4 13. exf4 Bg4 14. h3 Bxh3 15. Bxh3 Qxh3 16. Ng5 Qf5 17. Bc1 Ng4 18. Nd5 exf4 19. Nxe7+ Nxe7 20. Bxf4 Ng6 21. Qf3 Qxg5 22. Bxg5 Rxf3 23. Rad1 Raf8 24. Rd2 h6 25. Bh4 Nxh4 26. gxh4 Ne5 27. d4 Ng6 28. h5 Nh4 29. Rc1 Rh3 30. Rc7 Nf3+ 31. Kg2 Rxh5 32. Rd1 Rg5+ 33. Kf1 Re8 0-1


[Site "https://www.chess.com"]

[Event "Titled Tuesday Blitz November 29 Late 2022"]
[White "Vlassov, Nikolai"]
[Black "Di Berardino, Diego Rafael"]
[WhiteFideId "4103360"]
[BlackFideId "2105446"]
[WhiteElo "2324"]
[BlackElo "2442"]
[Result "1-0"]
[Round "09"]
[TimeControl "180+1"]
[Date "2022.11.30"]
[WhiteClock "0:01:32"]
[BlackClock "0:00:17"]

1. e4 c5 2. c3 d5 3. exd5 Qxd5 4. d4 Nf6 5. Nf3 Bg4 6. dxc5 Qxc5 7. h3 Bh5 8. Be3 Qc7 9. Na3 a6 10. Qa4+ Nbd7 11. g4 Bg6 12. Bf4 Qc8 13. Ne5 e6 14. g5 Nd5 15. Nxd7 Qxd7 16. Bb5 axb5 17. Qxa8+ Qd8 18. Qxd8+ Kxd8 19. O-O-O Bxa3 20. bxa3 Kc8 21. Be5 Rg8 22. Kb2 Nb6 23. Bd4 Nc4+ 24. Kb3 Kc7 25. a4 Na5+ 26. Kb4 Nc6+ 27. Kxb5 Ra8 28. Bb6+ Kc8 29. Rd6 Bc2 30. a5 Ra6 31. Rc1 Be4 32. Rcd1 Bd5 33. c4 Na7+ 34. Kc5 1-0


[Site "https://www.chess.com"]

[Event "Titled Tuesday Blitz November 29 Late 2022"]
[White "Wieczorek, Oskar"]
[Black "Arkell, Keith C"]
[WhiteFideId "1133950"]
[BlackFideId "400270"]
[WhiteElo "2404"]
[BlackElo "2342"]
[Result "1-0"]
[Round "09"]
[TimeControl "180+1"]
[Date "2022.11.30"]
[WhiteClock "0:01:30"]
[BlackClock "0:02:06"]

1. e4 c6 2. d4 d5 3. Nd2 dxe4 4. Nxe4 Nd7 5. Ng5 Ngf6 6. Bd3 Nb6 7. h3 h6 8. N5f3 g6 9. Ne2 Bg7 10. O-O O-O 11. c4 Nbd7 12. Bf4 e6 13. Re1 Re8 14. Nc3 a6 15. c5 Nd5 16. Nxd5 exd5 17. Rxe8+ Qxe8 18. Qd2 Nf6 19. Re1 Be6 20. Bxh6 Qd7 21. Bxg7 Kxg7 22. Ne5 Qc8 23. Qg5 Bf5 24. Nxg6 Bxg6 25. Bxg6 Qd8 26. Bf5+ Kf8 27. Qh6+ 1-0


[Site "https://www.chess.com"]

[Event "Titled Tuesday Blitz November 29 Late 2022"]
[White "Wieczorek, Zbigniew"]
[Black "Marcolino, Daniel Mattos"]
[WhiteFideId "1102001"]
[BlackFideId "2106841"]
[WhiteElo "2302"]
[BlackElo "2131"]
[Result "1-0"]
[Round "09"]
[TimeControl "180+1"]
[Date "2022.11.30"]
[WhiteClock "0:00:07"]
[BlackClock "0:00:03"]

1. Nf3 d5 2. g3 Nf6 3. Bg2 e6 4. d3 b6 5. Nbd2 Bb7 6. O-O Be7 7. e4 dxe4 8. Ng5 O-O 9. Ndxe4 Nxe4 10. Nxe4 Qc8 11. Qh5 Nd7 12. Bg5 Bxg5 13. Qxg5 Rb8 14. a4 a5 15. h4 Qd8 16. Rfe1 Qxg5 17. hxg5 Rfd8 18. f4 Nf8 19. Kf2 Rd4 20. b3 Nd7 21. Bf3 Nf8 22. Re2 Ba8 23. Nd2 Bxf3 24. Nxf3 Rd6 25. Ne5 Ng6 26. Nc4 Rd7 27. Rae1 Ne7 28. Kf3 Nf5 29. Ne5 Rd6 30. Kf2 Rbd8 31. Re4 h6 32. gxh6 Nxh6 33. Nc4 Rd4 34. Rxd4 Rxd4 35. Kf3 Nf5 36. Re4 Rxe4 37. dxe4 Ne7 38. Ne5 Kf8 39. Ke3 f6 40. Nd3 Nc6 41. c3 Ke7 42. b4 Kd6 43. b5 Nb8 44. c4 Nd7 45. Kd4 g5 46. e5+ fxe5+ 47. fxe5+ Ke7 48. c5 Kf7 49. c6 Nf8 50. Nf2 Kg6 51. Ne4 Kf5 52. Nf6 Ng6 53. Ne8 Nxe5 54. Nxc7 Nf3+ 55. Ke3 Nh2 56. Ne8 Ng4+ 57. Kd4 Nf6 58. Nxf6 Kxf6 59. c7 e5+ 60. Ke4 Ke6 61. c8=Q+ 1-0


[Site "https://www.chess.com"]

[Event "Titled Tuesday Blitz November 29 Late 2022"]
[White "Winkels, Marcel"]
[Black "Torres Dominguez, David"]
[WhiteFideId "1003887"]
[BlackFideId "2220857"]
[WhiteElo "1900"]
[BlackElo "2037"]
[Result "1-0"]
[Round "09"]
[TimeControl "180+1"]
[Date "2022.11.30"]
[WhiteClock "0:00:05"]
[BlackClock "0:00:02"]

1. d4 e5 2. dxe5 d6 3. exd6 Bxd6 4. Nf3 Bg4 5. e3 Nc6 6. Be2 Qe7 7. Nd4 Bd7 8. Bf3 O-O-O 9. O-O Ne5 10. Be2 Nf6 11. c4 c5 12. Nc2 Bc6 13. f4 h5 14. Qe1 Neg4 15. Nc3 Ne4 16. Nxe4 Bxe4 17. Na3 Bc6 18. Bf3 Rde8 19. Bxc6 bxc6 20. Qa5 Kb8 21. h3 Nxe3 22. Re1 Bxf4 23. Nc2 Qg5 24. Nxe3 Bxe3+ 25. Bxe3 Rxe3 26. Kh1 Rhe8 27. Rf1 Re2 28. Rg1 Qg3 29. Qxc5 Qg6 30. Rad1 Rxb2 31. Rd7 Rb7 32. Rxb7+ Kxb7 33. Rd1 Qe6 34. Qd4 Qe7 35. Qd7+ Qxd7 36. Rxd7+ Kb6 37. Rxf7 Kc5 38. Rxg7 Kxc4 39. Rg5 c5 40. Rxh5 Re2 41. Rg5 Rxa2 42. h4 Re2 43. h5 Re7 44. h6 Rh7 45. Rg6 a5 46. g4 a4 47. g5 Kb5 48. Rg7 Rh8 49. h7 a3 50. g6 a2 51. Ra7 Kc6 52. Rxa2 1-0


[Site "https://www.chess.com"]

[Event "Titled Tuesday Blitz November 29 Late 2022"]
[White "Wirig, Anthony"]
[Black "Tanenbaum, Zachary"]
[WhiteFideId "615013"]
[BlackFideId "2060850"]
[WhiteElo "2487"]
[BlackElo "2175"]
[Result "0-1"]
[Round "09"]
[TimeControl "180+1"]
[Date "2022.11.30"]
[WhiteClock "0:00:02"]
[BlackClock "0:00:02"]

1. d4 d5 2. c4 dxc4 3. e3 e5 4. Bxc4 Nc6 5. Nf3 e4 6. Nfd2 Qg5 7. Nxe4 Qxg2 8. Ng3 Nf6 9. Bf1 Qd5 10. Nc3 Bb4 11. Bd2 Bxc3 12. bxc3 O-O 13. Rg1 Re8 14. Be2 Na5 15. Qa4 Bd7 16. Qb4 b6 17. c4 Qe6 18. d5 Qh3 19. Bc3 Ng4 20. Nf1 f6 21. Rg3 Qh4 22. Qb2 Ne5 23. c5 Nac4 24. Qc2 bxc5 25. Rc1 Rab8 26. Ba1 Nd6 27. f4 Ng4 28. Bxg4 Bxg4 29. Qg2 Ne4 30. Bc3 Nxg3 31. hxg3 Qh5 32. Qf2 Qxd5 33. Bd2 Qd3 34. Nh2 Bf5 35. g4 Be4 36. g5 Rb1 37. gxf6 Rxc1+ 38. Bxc1 Qc3+ 39. Qd2 Qxf6 40. Bb2 Qh4+ 41. Kf1 Rd8 42. Qe2 Qh3+ 43. Kg1 Rd1+ 0-1


[Site "https://www.chess.com"]

[Event "Titled Tuesday Blitz November 29 Late 2022"]
[White "Zeman, Matyas"]
[Black "Weisz, Bryan"]
[WhiteFideId "364398"]
[BlackFideId "30934133"]
[WhiteElo "2254"]
[BlackElo "2299"]
[Result "1-0"]
[Round "09"]
[TimeControl "180+1"]
[Date "2022.11.30"]
[WhiteClock "0:00:15"]
[BlackClock "0:00:10"]

1. e4 c5 2. Nf3 e6 3. d4 cxd4 4. Nxd4 a6 5. c4 Nf6 6. Nc3 Bb4 7. Qd3 Bxc3+ 8. bxc3 Nc6 9. Be2 O-O 10. O-O b6 11. f4 e5 12. Nf5 Ne8 13. Qg3 d6 14. Ba3 Bxf5 15. exf5 Qf6 16. Rad1 Qxf5 17. Bxd6 Nxd6 18. Rxd6 exf4 19. Rxc6 Qe4 20. Qf3 Qe5 21. Bd3 g6 22. Qxf4 Qxc3 23. Bb1 b5 24. c5 Rad8 25. Rc7 Rd2 26. Rxf7 Qxc5+ 27. Kh1 Re8 28. Qf6 1-0


[Site "https://www.chess.com"]